 Dungeon Crawl Stone Soup version 0.27.1-34-g3ba077fa99 (webtiles) character file.

Game seed: 3319212610885792046

77 zeram the Shield-Bearer (level 4, -1/29 HPs)
             Began as a Gargoyle Fighter on Jan 20, 2022.
             Slain by Robin (3 damage)
             ... on level 2 of the Dungeon.
             The game lasted 00:02:49 (1871 turns).

zeram the Shield-Bearer (Gargoyle Fighter)          Turns: 1871, Time: 00:02:50

Health: -1/29      AC: 11    Str: 18 (21) XL:     4   Next: 33%
Magic:  4/4        EV:  7    Int:  6 (8)  God:
Gold:   148        SH:  9    Dex:  8 (9)  Spells: 3/3 levels left

rFire    + . .     SeeInvis .   a - +0 flail
rCold    + . .     Faith    .   c - +0 kite shield
rNeg     + . .     Spirit   .   b - +0 scale mail
rPois    ∞         Reflect  .   (no helmet)
rElec    +         Harm     .   (no cloak)
rCorr    +         Rampage  .   i - +0 pair of gloves
Will     .....                  (no boots)
Stlth    ..........             (no amulet)
HPRegen  0.09/turn              (no ring)
MPRegen  0.09/turn              (no ring)

@: mighty, resistant
A: sickness immunity, AC +3, negative energy resistance 1, electricity
resistance, torment resistance 1, petrification resistance
a: no special abilities


You were on level 2 of the Dungeon.
You visited 1 branch of the dungeon, and saw 2 of its levels.

You collected 148 gold pieces.

Inventory:

Hand Weapons
 a - a +0 flail (weapon)
 l - a +2 short sword of speed
Armour
 b - a +0 scale mail (worn)
 c - a +0 kite shield (worn)
 i - a +0 pair of gloves (worn)
Scrolls
 g - a scroll of fear
 h - a scroll of fog
 j - a scroll of summoning {unknown}


   Skills:
 + Level 3.7 Fighting
 + Level 2.9 Maces & Flails
 + Level 3.8 Armour
 + Level 0.2 Dodging
 + Level 4.0 Shields


You had 3 spell levels left.
You didn't know any spells.
Your spell library was empty.

Dungeon Overview and Level Annotations

Branches:
Dungeon (2/15)

Altars:

Annotations:
D:2 Robin


Innate Abilities, Weirdness & Mutations

You are immune to sickness and miasma.
Your stone body is resilient. (AC +3)
You are immune to poison.
You resist negative energy. (rN+)
You are resistant to electric shocks. (rElec)
You are resistant to unholy torment.
You are immune to petrification.


Message History

The goblin hits you with a +0 club. Robin barely misses you.
You barely miss Robin. The goblin hits you with a +0 club.
You block Robin's attack. The goblin closely misses you.
You closely miss the goblin. Robin closely misses you.
The goblin closely misses you. Robin hits you with a +0 short sword.
* * * LOW HITPOINT WARNING * * *
You closely miss the goblin. The goblin hits you but does no damage.
Robin hits you but does no damage. The goblin hits you with a +0 club.
* * * LOW HITPOINT WARNING * * *
Unknown command.
Your shield and scale mail prevent you from hitting the goblin.
The goblin no longer looks unusually strong.
Robin hits you with a +0 short sword.
* * * LOW HITPOINT WARNING * * *
The goblin hits you but does no damage. Robin barely misses you.
Unknown command.
It was a potion of resistance.
You feel protected. You block the goblin's attack.
Robin hits you but does no damage.
It was a potion of degeneration.
There was something very wrong with that liquid.
You feel weakened.
You feel dopey.
You feel clumsy. The goblin hits you with a +0 club.
* * * LOW HITPOINT WARNING * * *
You block Robin's attack.
You feel very mighty all of a sudden. You block the goblin's attack.
Robin hits you but does no damage.
You closely miss the goblin. The goblin hits you but does no damage.
Robin roars a battlecry!
The goblin goes into a battle-frenzy!
You block the goblin's attack.
You barely miss the goblin. You block Robin's attack.
You block the goblin's attack. Robin hits you but does no damage.
You thump the goblin!
You kill the goblin!
You block Robin's attack.
You barely miss Robin. You block Robin's attack.
Robin points. "Kill!"
Robin hits you with a +0 short sword.
You die...

#.#.## ##.......## ..
####....####.......).###....
...........+.......).'...:..
####....####.......).###....
##.#.## #.......## . #...##
##.....## #..## ##...##
#.######## ##g## #........#
#@# ##..#####.# #)#########
#......##.# ##..........
##..##.##.####...########
##........##.....#
#........###...##
#.##.###.####.##
#.##..........#
#.######.####.#


You could see Robin.

Vanquished Creatures
  An adder (D:2)
  A dart slug (D:1)
  8 bats
  7 endoplasms
  4 giant cockroaches
  13 goblins
  5 hobgoblins
  3 quokkas (D:1)
  3 ball pythons (D:1)
  4 frilled lizards
  3 kobolds (D:2)
  5 rats
57 creatures vanquished.

Vanquished Creatures (others)
  2 toadstools (D:2)
2 creatures vanquished.

Grand Total: 59 creatures vanquished

Notes
Turn   | Place    | Note
-------+----------+-------------------------------------------
     0 | D:1      | zeram the Gargoyle Fighter began the quest for the Orb.
     0 | D:1      | Reached XP level 1. HP: 14/14 MP: 1/1
   136 | D:1      | Reached XP level 2. HP: 19/19 MP: 2/2
   640 | D:1      | Reached XP level 3. HP: 24/24 MP: 3/3
   904 | D:1      | Found a faded altar of an unknown god.
  1575 | D:2      | Reached skill level 4 in Shields
  1712 | D:2      | Reached XP level 4. HP: 29/29 MP: 4/4
  1830 | D:2      | Noticed Robin
  1871 | D:2      | Slain by Robin

Illustrated notes

Levels and vault maps discovered:
D:1:      onia_arrival_handbag, layout_loops_ring, basic_ecumenical_altar,
          serial_glass, glass_columns_b, glass_columns_a, glass_columns_b,
          glass_columns_b, glass_columns_a
D:2:      layout_loops_corners, minmay_gold_behind_fungi, uniq_robin

Skill      XL: |  1  2  3 |
---------------+----------+-----
Shields        | 4 |  4.0
Fighting       | |  3.7
Maces & Flails | |  2.9
Armour         | |  3.8
Dodging        | |  0.2

Action                   |  1- 3 |  4- 6 || total
-------------------------+-------+-------++-------
Melee: Flail             |   112 |    47 ||   159
  Use: Scroll            |     4 |       ||     4
       Potion            |       |     4 ||     4
Armor: Scale mail        |    64 |    52 ||   116
Dodge: Dodged            |    42 |    32 ||    74
Block: Kite shield       |    61 |    45 ||   106
